 Dungeon Crawl Stone Soup version 0.17-a0-1210-g1e4f09d (webtiles) character file.

2864 SWAGNEMITE the Skirmisher (level 10, -1/79 HPs)
             Began as a Human Wanderer on June 3, 2015.
             Was a Believer of Qazlal.
             Slain by an orc warlord
             ... wielding a +1 dire flail of protection
              (16 damage)
             ... in a bailey.
             The game lasted 00:27:56 (5431 turns).

SWAGNEMITE the Skirmisher (Human Wanderer)          Turns: 5431, Time: 00:27:57

Health: -1/79      AC: 11    Str: 14    XL:     10   Next: 4%
Magic:  13/13      EV: 12    Int: 10    God:    Qazlal [**....]
Gold:   373        SH:  3    Dex: 17    Spells: 0 memorised, 9 levels left

rFire  + . .     SeeInvis .     k - +11 hand axe of the Ancient Gods {flame, rF+}
rCold  . . .     Clarity  .     a - +2 scale mail
rNeg   . . .     SustAt   .     (no shield)
rPois  .         Gourm    .     v - +2 hat
rElec  .         Spirit   .     (no cloak)
rCorr  .         Warding  .     (no gloves)
rMut   .         Stasis   .     (no boots)
MR     .....                    f - amulet of regeneration {+regen, !d}
Stlth  ..........               (no ring)
                                q - ring of wizardry {Wiz+, !d}

@: not resistant to hostile enchantments, extremely unstealthy
A: no striking features
a: Upheaval, Renounce Religion


You were in a bailey.
You worshipped Qazlal.
Qazlal was pleased with you.
You were hungry.

You visited 2 branches of the dungeon, and saw 8 of its levels.
You also visited: Bailey.

You collected 373 gold pieces.

Inventory:

Hand weapons
 b - a +0 quarterstaff
 k - the +11 hand axe of the Ancient Gods (weapon) {flame, rF+}
   (You found it on level 7 of the Dungeon)

   It has been specially enchanted to burn those struck by it, causing extra
   injury to most foes and up to half again as much damage against particularly
   susceptible opponents.
   Big, fiery blades are also staple armaments of hydra-hunters.
   It protects you from fire.
Armour
 a - a +2 scale mail (worn)
 v - a +2 hat (worn)
   (You found it on level 6 of the Dungeon)
Jewellery
 f - an amulet of regeneration (around neck) {+regen, !d}
   (You found it on level 1 of the Dungeon)
 q - a ring of wizardry (left hand) {Wiz+, !d}
   (You found it on level 4 of the Dungeon)
Magical devices
 o - a wand of lightning (8)
   (You found it on level 4 of the Dungeon)
 t - a wand of disintegration (6)
   (You found it on level 5 of the Dungeon)
Scrolls
 h - a scroll of enchant armour
 i - 4 scrolls of teleportation
 s - a scroll of fog
 z - a scroll of immolation {!r}
Potions
 j - a potion of heal wounds {unknown}
 p - a potion of cancellation
Books
 u - an Akashic Record {highlevel, unknown}
   (You found it on level 5 of the Dungeon)
 y - a book of the Warp
   (You found it on level 6 of the Dungeon)
Comestibles
 d - 4 bread rations {@e1}
 g - 2 meat rations {@e2}


   Skills:
 * Level 7.2 Fighting
 * Level 6.8 Staves
 + Level 5.3 Armour
 + Level 4.7 Dodging
 - Level 1.0 Stealth
 * Level 4.5 Invocations
 + Level 4.4 Evocations


You had 9 spell levels left.
You didn't know any spells.

Dungeon Overview and Level Annotations

Branches:
Dungeon (7/15)             Temple (1/1) D:5

Altars:
Cheibriados
Kikubaaqudgha
Makhleb
Nemelex Xobeh
Okawaru
Qazlal
Ru
Sif Muna
Trog
Xom
Yredelemnul


Message History

The orcs go into a battle-frenzy!
You hear a shout! x2
The orc warlord roars a battlecry!
Things that are here:
a hand axe; a leather armour
Things that are here:
a hand axe; a leather armour; a hobgoblin corpse
Items here: )) [[ ÷ a hand axe; a leather armour; a hand axe; a leather armour a hobgoblin skeleton
There is an open door, spattered with blood here.
Items here: )))) [[[[ ÷ ††
Things that are here:
a war axe; a ring mail; an orc corpse
Aim: an orc warlord, wielding a dire flail of protection and wearing a chain mail (thunder)
You hear a mighty clap of thunder!
The bolt of lightning misses the orc.
The bolt of lightning hits the orc warlord.
This wand has 8 charges left.
You hear a shout! x4
The orc hits you with a hand axe.
You take 4 damage, and have 71/79 hp.
You barely miss the orc warlord. You completely miss the orc.
The orc warlord hits you with a dire flail of protection!!
The orc hits you but does no damage.
You take 24 damage, and have 50/79 hp.
MASSIVE DAMAGE!!
The orc warlord is engulfed in freezing vapours.
The orc warlord roars a battlecry!
The orc goes into a battle-frenzy!
The orc warlord is engulfed in freezing vapours.
There is an open door here.
Items here: )))) [[[[ ÷ The orc warlord roars a battlecry!
The orc goes into a battle-frenzy!
The orc warlord roars a battlecry!
The orc warrior goes into a battle-frenzy!
There is an open door here.
Things that are here:
a war axe; a leather armour
Items here: )))) [[[[ ÷÷ The orc warrior shouts!
There is a fountain of clear blue water here.
The orc warlord roars a battlecry!
The orc warrior goes into a battle-frenzy!
The gnoll shouts!
The orc warlord roars a battlecry!
The orcs go into a battle-frenzy!
The orc warrior closely misses you.
The orc warrior shouts!
The orc warrior hits you with a broad axe!
You take 11 damage, and have 52/79 hp.
The gnoll barely misses you.
There is an open door, spattered with blood here.
Items here: )) [[ ÷ a hand axe; a leather armour; a hand axe; a leather armour; an orc skeleton The gnoll hits you with a hand axe.
Things that are here:
a hand axe; a leather armour You take 3 damage, and have 49/79 hp.
The orc warrior hits you with a broad axe!!
The gnoll hits you with a hand axe.
The orc warlord roars a battlecry!
The orc warrior goes into a battle-frenzy!
You take 20 damage, and have 29/79 hp.
MASSIVE DAMAGE!!
Read which item? (? for menu, Esc to quit)
As you read the scroll of teleportation, it crumbles to dust.
You feel strangely unstable. The orc warrior misses you.
The gnoll barely misses you. The orc warrior misses you.
The orc warrior hits you with a broad axe!!
* * * LOW HITPOINT WARNING * * *
The orc warrior suddenly shouts.
You take 30 damage, and have 1/79 hp.
MASSIVE DAMAGE!!
Your surroundings seem slightly different.
The orc warlord roars a battlecry!
The orc warriors go into a battle-frenzy!
The orc closely misses you.
Things that are here:
a leather armour; a hand axe; a leather armour Drink which item? (? for menu, Esc to quit)
You feel better.
You regained 6 hp, and now have 9/79 hp.
All of the chunks of flesh in your inventory have rotted away.
The gnoll hits you but does no damage.
A gnoll comes into view. It is wielding a hand axe.
The gnoll shouts!
The gnoll moves out of view.
The orc warlord roars a battlecry!
The orcs go into a battle-frenzy!
The gnoll hits you but does no damage.
A hobgoblin comes into view. It is wielding a hand axe.
The orc warlord is engulfed in roaring flames.
The gnoll hits you but does no damage. The gnoll hits you but does no damage.
You block the orc's attack. The orc closely misses you.
The orc warlord hits you with a dire flail of protection!
You die...

###.### ###.###
#.....### ###.....###
........###.........##
........)#)..........#
.........)))[........#
...⌠....)#)....⌠.o...#
.........#......g.o..#
)........#......oog..#
)...o...###.....@ogo##
#.....### ###.....#)#
###.### ###.###...
..### ### ...... ...#
.o.g.... ...#
o........ ...#
....⌠.... ...# .......
...# ....


You could see an orc warlord, 3 orc warriors, 2 gnolls, 2 orcs and a hobgoblin.

Vanquished Creatures
  An orc knight (Bailey)
  A water moccasin (D:5)
  6 orc warriors
  A phantom (D:4)
  An ogre (D:4)
  A big kobold (D:7)
  3 centaurs (D:6)
  2 giant frogs
  A scorpion (D:5)
  2 wights (D:7)
  A crimson imp (D:6)
  A jelly (D:5)
  A centaur zombie (D:4)
  A hound (D:5)
  2 orc priests
  A giant frog skeleton (D:4)
  2 iguanas
  3 orc wizards
  6 worker ants
  2 hound zombies (D:4)
  A worker ant zombie (D:4)
  12 adders
  16 gnolls
  A shadow imp (D:7)
  2 adder zombies (D:4)
  3 adder skeletons
  4 worms
  3 giant geckos
  28 orcs
  9 bats
  3 bat skeletons (D:4)
  5 giant cockroaches
  24 goblins
  29 hobgoblins
  6 jackals (D:4)
  3 quokkas
  A ball python (D:3)
  A ball python zombie (D:4)
  A giant cockroach zombie (D:4)
  A giant gecko skeleton (D:4)
  A giant gecko zombie (D:4)
  4 giant newts (D:1)
  15 kobolds
  2 quokka zombies (D:4)
  10 rats
224 creatures vanquished.

Notes
Turn   | Place    | Note
--------------------------------------------------------------
     0 | D:1      | SWAGNEMITE the Human Wanderer began the quest for the Orb.
     0 | D:1      | SWAGNEMITE set off with: a +2 scale mail, a +0 quarterstaff, a potion of curing, a bread ration {@e1}
     0 | D:1      | Reached XP level 1. HP: 18/18 MP: 1/1
   181 | D:1      | Reached XP level 2. HP: 24/24 MP: 2/2
   238 | D:1      | Reached XP level 3. HP: 25/29 MP: 3/3
   756 | D:2      | Found a bloodstained altar of Trog.
   774 | D:2      | Found a basalt altar of Yredelemnul.
   943 | D:2      | Reached XP level 4. HP: 31/35 MP: 4/4
   948 | D:2      | Found a sacrificial altar of Ru.
   948 | D:2      | Found a sparkling altar of Nemelex Xobeh.
   950 | D:2      | Found a basalt altar of Yredelemnul.
   952 | D:2      | Found an ancient bone altar of Kikubaaqudgha.
   957 | D:2      | Found an iron altar of Okawaru.
  1450 | D:3      | Found a shimmering altar of Xom.
  1456 | D:3      | Noticed a giant frog
  1553 | D:3      | Reached skill level 3 in Staves
  1611 | D:3      | Killed a giant frog
  1611 | D:3      | Reached skill level 4 in Fighting
  1611 | D:3      | Reached skill level 3 in Armour
  1611 | D:3      | Reached skill level 2 in Dodging
  1611 | D:3      | Reached XP level 5. HP: 20/42 MP: 4/6
  2074 | D:4      | Reached XP level 6. HP: 38/48 MP: 7/7
  2094 | D:4      | Noticed an ogre
  2123 | D:4      | Killed an ogre
  2258 | D:4      | Reached skill level 2 in Evocations
  2296 | D:4      | Reached skill level 4 in Staves
  2296 | D:4      | Reached XP level 7. HP: 47/55 MP: 8/8
  2763 | D:4      | Reached skill level 3 in Dodging
  2959 | D:4      | Reached skill level 5 in Fighting
  3177 | D:4      | Reached XP level 8. HP: 58/62 MP: 10/10
  3221 | D:5      | Entered Level 5 of the Dungeon
  3405 | D:5      | Reached skill level 4 in Armour
  3422 | D:5      | Found a staircase to the Ecumenical Temple.
  3461 | Temple   | Entered the Ecumenical Temple
  3467 | Temple   | Became a worshipper of Qazlal Stormbringer
  3487 | D:5      | Reached skill level 5 in Staves
  3487 | D:5      | Reached skill level 3 in Evocations
  3665 | D:5      | HP: 14/63 [water moccasin (5)]
  3670 | D:5      | Reached skill level 1 in Invocations
  4042 | D:6      | Reached skill level 6 in Fighting
  4092 | D:6      | Reached skill level 2 in Invocations
  4259 | D:6      | Acquired Qazlal's first power
  4280 | D:6      | Reached XP level 9. HP: 66/69 MP: 11/11
  4705 | D:7      | Reached skill level 4 in Dodging
  4769 | D:7      | Reached skill level 3 in Invocations
  4773 | D:7      | Reached skill level 6 in Staves
  4957 | D:7      | Found a flagged portal.
  4965 | D:7      | Got a warped hand axe
  4967 | D:7      | Identified the +11 hand axe of the Ancient Gods {flame, rF+} (You found it on level 7 of the Dungeon)
  4976 | Bailey   | Entered a bailey
  5007 | Bailey   | Acquired Qazlal's second power
  5013 | Bailey   | Reached skill level 4 in Evocations
  5180 | Bailey   | Reached skill level 5 in Armour
  5228 | Bailey   | Noticed an orc knight
  5232 | Bailey   | Noticed an orc warlord
  5244 | Bailey   | Killed an orc knight
  5244 | Bailey   | Reached skill level 7 in Fighting
  5244 | Bailey   | Reached skill level 4 in Invocations
  5334 | Bailey   | Reached XP level 10. HP: 43/79 MP: 13/13
  5417 | Bailey   | HP: 1/79 [orc warrior/broad axe (31)]
  5431 | Bailey   | Slain by an orc warlord

Vault maps used:
D:1:      dpeg_arrival_rooms_with_view, minmay_misc_feat_enclosed, st_stairs_9,
          minmay_misc_feat_square
D:2:      grunt_temple_overflow_open, lemuel_crystal_altar,
          yredelemnul_altar_generic
D:3:      xom_butterflies, first_bread
D:4:      serial_undead, serial_undead_d, serial_undead_a, serial_undead_b,
          serial_undead_a, serial_undead_c, serial_undead_b, serial_undead_f,
          kennysheep_small_square
D:5:      minmay_temple_entry_trees
D:7:      basic_altar, enter_bailey_2, uniq_pikel, uniq_prince_ribbit1
Temple:   zaba_magenta_temple_12
Bailey:   bailey_axe_minmay_hex_keep, bailey

Action                   |  1- 3 |  4- 6 |  7- 9 | 10-12 || total
-------------------------+-------+-------+-------+-------++-------
Melee: Quarterstaff      |    92 |   153 |   494 |       ||   739
       Hand axe          |       |       |    80 |     5 ||    85
Invok: Upheaval          |       |       |     2 |       ||     2
Evoke: Wand              |       |     8 |     7 |     1 ||    16
  Use: Scroll            |       |       |    13 |     1 ||    14
       Potion            |       |       |     3 |     1 ||     4
  Eat: Chunk             |       |     5 |    15 |       ||    20

Vault maps used:
D:1:      dpeg_arrival_rooms_with_view, minmay_misc_feat_enclosed, st_stairs_9,
          minmay_misc_feat_square
D:2:      grunt_temple_overflow_open, lemuel_crystal_altar,
          yredelemnul_altar_generic
D:3:      xom_butterflies, first_bread
D:4:      serial_undead, serial_undead_d, serial_undead_a, serial_undead_b,
          serial_undead_a, serial_undead_c, serial_undead_b, serial_undead_f,
          kennysheep_small_square
D:5:      minmay_temple_entry_trees
D:7:      basic_altar, enter_bailey_2, uniq_pikel, uniq_prince_ribbit1
Temple:   zaba_magenta_temple_12
Bailey:   bailey_axe_minmay_hex_keep, bailey

Table legend:
 A = Turns spent in this place as a percentage of turns spent in the entire game.
 B = Non-inter-level travel turns spent in this place as a percentage of non-inter-level travel turns spent in the entire game.
 C = Inter-level travel turns spent in this place as a percentage of turns spent in this place.
 D = Turns resting spent in this place as a percentage of non-inter-level travel turns spent in this place.
 E = Turns spent auto-exploring this place as a percentage of non-inter-level travel turns spent in this place.
 F = Non-inter-level travel turns spent in this place divided by the number of levels of this place that you've seen.
                   A       B       C       D       E      F
               +-------+-------+-------+-------+-------+----------------------
         Total | 100.0 | 100.0 |   0.3 |   0.8 |   9.7 | 247.0
       Dungeon |  83.5 |  83.5 |   0.4 |   0.6 |  10.7 | 265.1
        Temple |   0.6 |   0.6 |   0.0 |   0.0 |   0.0 |  13.0
        Bailey |  15.9 |  15.9 |   0.0 |   1.7 |   4.8 | 354.0
               +-------+-------+-------+-------+-------+----------------------

Table legend:
 A = Kills in this place as a percentage of kills in entire the game.
 B = Kills by you in this place as a percentage of kills by you in the entire game.
 C = Kills by friends in this place as a percentage of kills by friends in the entire game.
 D = Other kills in this place as a percentage of other kills in the entire game.
 E = Experience gained in this place as a percentage of experience gained in the entire game.
 F = Experience gained in this place divided by the number of levels of this place that you have seen.
                   A       B       C       D       E      F
               +-------+-------+-------+-------+-------+----------------------
         Total | 100.0 | 100.0 |  -nan |  -nan | 100.0 | 454.7
       Dungeon |  75.4 |  75.4 |  -nan |  -nan |  62.3 | 364.0
        Bailey |  24.6 |  24.6 |  -nan |  -nan |  37.7 | 1544.0
               +-------+-------+-------+-------+-------+----------------------
